| TOP OF THE 1ST |
|
Colorado Rockies batting - Pitching for Seattle Pilots : LHP Chris Haney
|
|
Pitching: LHP Chris Haney
|
|
|
Batting: LHB Todd Helton
|
0-0: Called Strike 0-1: Ball 1-1: Foul Ball, location: 2F 1-2: Strikes out swinging
|
|
Batting: RHB Juan Gonzalez
|
0-0: Ball 1-0: Swinging Strike 1-1: Foul Ball, location: 2F 1-2: Foul Ball, location: 2F 1-2: Ball 2-2: Ball 3-2: Ground out 1-3 (Groundball, 34S, EV 78.1 MPH)
|
|
Batting: RHB Damion Easley
|
0-0: Called Strike 0-1: Called Strike 0-2: Foul Ball, location: 2F 0-2: Foul Ball, location: 2F 0-2: Ball 1-2: Foul Ball, location: 2F 1-2: Foul Ball, location: 2F 1-2: Foul Ball, location: 2F 1-2: SINGLE (Line Drive, 4D, EV 94.4 MPH)
|
|
Batting: RHB Glenn Davis
|
0-0: Fielders Choice at 2nd, 5-4 (Groundball, 5L, EV 88.1 MPH)
|
| Top of the 1st over - 0 runs, 1 hit, 0 errors, 1 left on base; Colorado 0 - Seattle 0 |
| BOTTOM OF THE 1ST |
|
Seattle Pilots batting - Pitching for Colorado Rockies : RHP Bill Wegman
|
|
Pitching: RHP Bill Wegman
|
|
|
Batting: SHB Pat Listach
|
0-0: Ball 1-0: Called Strike 1-1: SINGLE (Flyball, 78S, EV 93.1 MPH)
|
|
Batting: SHB Bill R Mueller
|
0-0: Ball 1-0: DOUBLE (Flyball, 78D, EV 101.9 MPH) Pat Listach to third Runner from 3rd tries for Home, SAFE, throw by LF to home
|
|
Batting: LHB Ken Griffey Jr.
|
0-0: Called Strike 0-1: Ground out 4-3 (Groundball, 4, EV 80.0 MPH) Bill R Mueller to third
|
|
Batting: RHB Edgar Martinez
|
0-0: Ground out 5-3 (Groundball, 56S, EV 88.8 MPH) Bill R Mueller scores
|
|
Batting: RHB Jermaine Dye
|
0-0: Fly out, F7 (Line Drive, 7, EV 105.0 MPH)
|
| Bottom of the 1st over - 2 runs, 2 hits, 0 errors, 0 left on base; Colorado 0 - Seattle 2 |
| TOP OF THE 2ND |
|
Colorado Rockies batting - Pitching for Seattle Pilots : LHP Chris Haney
|
|
Batting: SHB Dmitri Young
|
0-0: Ball 1-0: Ball 2-0: Swinging Strike 2-1: Fly out, F9 (Flyball, 9, EV 87.5 MPH)
|
|
Batting: RHB Steve Gibralter
|
0-0: Foul Ball, location: 2F 0-1: Ball 1-1: SINGLE (Line Drive, 78S, EV 102.5 MPH)
|
|
Batting: SHB Brian Banks
|
0-0: Ball Steve Gibralter steals 2nd base 1-0: Foul Ball, location: 2F 1-1: Foul Ball, location: 2F 1-2: Ball 2-2: Fly out, F7 (Flyball, 78D, EV 98.1 MPH)
|
|
Batting: LHB Keith Lockhart
|
0-0: Ball 1-0: Called Strike 1-1: SINGLE (Line Drive, 89S, EV 99.4 MPH) Steve Gibralter to third Runner from 3rd tries for Home, SAFE, throw by RF to home
|
|
Batting: LHB Chip Hale
|
Pickoff Throw to First - Out! 1-3
|
| Top of the 2nd over - 1 run, 2 hits, 0 errors, 0 left on base; Colorado 1 - Seattle 2 |
| BOTTOM OF THE 2ND |
|
Seattle Pilots batting - Pitching for Colorado Rockies : RHP Bill Wegman
|
|
Batting: LHB J.T. Snow
|
0-0: Ball 1-0: Ball 2-0: Called Strike 2-1: Called Strike 2-2: Foul Ball, location: 2F 2-2: DOUBLE (Flyball, 8RXD, EV 100.0 MPH)
|
|
Batting: RHB Dante Bichette
|
0-0: Called Strike 0-1: Ground out 6-3 (Groundball, 6, EV 82.5 MPH)
|
|
Batting: SHB Mark McLemore
|
0-0: Ground out 4-3 (Groundball, 4, EV 81.3 MPH) J.T. Snow to third
|
|
Batting: RHB Francisco Cabrera
|
0-0: Ball 1-0: Called Strike 1-1: Ball 2-1: Ground out 6-3 (Groundball, 6, EV 103.8 MPH)
|
| Bottom of the 2nd over - 0 runs, 1 hit, 0 errors, 1 left on base; Colorado 1 - Seattle 2 |
| TOP OF THE 3RD |
|
Colorado Rockies batting - Pitching for Seattle Pilots : LHP Chris Haney
|
|
Batting: LHB Chip Hale
|
0-0: Called Strike 0-1: Ball 1-1: Ball 2-1: Swinging Strike 2-2: Ground out 3-1 (Groundball, 34, EV 82.5 MPH)
|
|
Batting: LHB Todd Helton
|
0-0: Ball 1-0: Ball 2-0: Called Strike 2-1: SINGLE (Groundball, 4MD, EV 94.4 MPH)
|
|
Batting: RHB Juan Gonzalez
|
0-0: Called Strike 0-1: Ball 1-1: Foul Ball, location: 2F 1-2: Strikes out swinging
|
|
Batting: RHB Damion Easley
|
0-0: Called Strike 0-1: Ball 1-1: Foul Ball, location: 2F 1-2: Ground out 1-3 (Groundball, 34S, EV 70.6 MPH)
|
| Top of the 3rd over - 0 runs, 1 hit, 0 errors, 1 left on base; Colorado 1 - Seattle 2 |
| BOTTOM OF THE 3RD |
|
Seattle Pilots batting - Pitching for Colorado Rockies : RHP Bill Wegman
|
|
Batting: SHB Pat Listach
|
0-0: Called Strike 0-1: SINGLE (Line Drive, 34D, EV 99.4 MPH)
|
|
Batting: SHB Bill R Mueller
|
0-0: Foul Ball, location: 2F 0-1: Fielders Choice at 2nd, 1-6 (Groundball, 13S, EV 68.8 MPH)
|
|
Batting: LHB Ken Griffey Jr.
|
0-0: Called Strike 0-1: Fly out, F8 (Flyball, 8RD, EV 83.1 MPH)
|
|
Batting: RHB Edgar Martinez
|
0-0: SINGLE (Groundball, 6MD, EV 111.3 MPH) Bill R Mueller to second
|
|
Batting: RHB Jermaine Dye
|
0-0: Fielders Choice at 2nd, 6-4 (Groundball, 6, EV 88.8 MPH)
|
| Bottom of the 3rd over - 0 runs, 2 hits, 0 errors, 2 left on base; Colorado 1 - Seattle 2 |
| TOP OF THE 4TH |
|
Colorado Rockies batting - Pitching for Seattle Pilots : LHP Chris Haney
|
|
Batting: RHB Glenn Davis
|
0-0: Foul Ball, location: 2F 0-1: Ground out U3 (Groundball, 34, EV 85.6 MPH)
|
|
Batting: SHB Dmitri Young
|
0-0: Ball 1-0: Called Strike 1-1: Foul Ball, location: 2F 1-2: Fly out, F9 (Line Drive, 9, EV 94.4 MPH)
|
|
Batting: RHB Steve Gibralter
|
0-0: Swinging Strike 0-1: Foul Ball, location: 2F 0-2: Ball 1-2: Foul Ball, location: 2F 1-2: Strikes out looking
|
| Top of the 4th over - 0 runs, 0 hits, 0 errors, 0 left on base; Colorado 1 - Seattle 2 |
| BOTTOM OF THE 4TH |
|
Seattle Pilots batting - Pitching for Colorado Rockies : RHP Bill Wegman
|
|
Batting: LHB J.T. Snow
|
0-0: Foul Ball, location: 2F 0-1: Ball 1-1: Ball 2-1: SINGLE (Flyball, 8RS, EV 100.6 MPH)
|
|
Batting: RHB Dante Bichette
|
0-0: SINGLE (Groundball, 6D, EV 98.1 MPH) J.T. Snow to second
|
|
Batting: SHB Mark McLemore
|
0-0: Sac Bunt to P - play at first, batter OUT! 1-3 J.T. Snow to third Dante Bichette to second
|
|
Batting: RHB Francisco Cabrera
|
0-0: Ball 1-0: Ground out 5-3 (Groundball, 5L, EV 100.0 MPH)
|
|
Batting: SHB Pat Listach
|
0-0: Ground out 4-3 (Groundball, 4D, EV 103.1 MPH)
|
| Bottom of the 4th over - 0 runs, 2 hits, 0 errors, 2 left on base; Colorado 1 - Seattle 2 |
| TOP OF THE 5TH |
|
Colorado Rockies batting - Pitching for Seattle Pilots : LHP Chris Haney
|
|
Batting: SHB Brian Banks
|
0-0: Fly out, F8 (Flyball, 8LD, EV 84.4 MPH)
|
|
Batting: LHB Keith Lockhart
|
0-0: Called Strike 0-1: Ground out 4-3 (Groundball, 4MS, EV 83.8 MPH)
|
|
Batting: LHB Chip Hale
|
0-0: Foul Ball, location: 2F 0-1: Ball 1-1: Ball 2-1: Foul Ball, location: 2F 2-2: Fly out, F9 (Flyball, 9S, EV 85.0 MPH)
|
| Top of the 5th over - 0 runs, 0 hits, 0 errors, 0 left on base; Colorado 1 - Seattle 2 |
| BOTTOM OF THE 5TH |
|
Seattle Pilots batting - Pitching for Colorado Rockies : RHP Bill Wegman
|
|
Batting: SHB Bill R Mueller
|
0-0: Ball 1-0: Called Strike 1-1: Ball 2-1: SINGLE (Flyball, 8RS, EV 98.8 MPH)
|
|
Batting: LHB Ken Griffey Jr.
|
0-0: Swinging Strike 0-1: Swinging Strike 0-2: Foul Ball, location: 2F 0-2: 2-RUN HOME RUN (Flyball, 7LD, EV 91.9 MPH), Distance : 354 ft
|
|
Batting: RHB Edgar Martinez
|
0-0: Called Strike 0-1: Ball 1-1: Foul Ball, location: 2F 1-2: Ground out 2-3 (Groundball, 15S, EV 70.0 MPH)
|
|
Batting: RHB Jermaine Dye
|
0-0: Ball 1-0: Called Strike 1-1: Ball 2-1: Foul Ball, location: 2F 2-2: Foul Ball, location: 2F 2-2: Ground out 6-3 (Groundball, 6M, EV 103.1 MPH)
|
|
Batting: LHB J.T. Snow
|
0-0: Foul Ball, location: 2F 0-1: Ball 1-1: Ground out 1-3 (Groundball, P, EV 86.3 MPH)
|
| Bottom of the 5th over - 2 runs, 2 hits, 0 errors, 0 left on base; Colorado 1 - Seattle 4 |
| TOP OF THE 6TH |
|
Colorado Rockies batting - Pitching for Seattle Pilots : LHP Chris Haney
|
|
Batting: LHB Todd Helton
|
0-0: Ball 1-0: Foul Ball, location: 2F 1-1: Ball 2-1: Foul Ball, location: 2F 2-2: Foul Ball, location: 2F 2-2: Foul Ball, location: 2F 2-2: Ground out 4-3 (Groundball, 4, EV 84.4 MPH)
|
|
Batting: RHB Juan Gonzalez
|
0-0: Fly out, F7 (Flyball, 7S, EV 79.4 MPH)
|
|
Batting: RHB Damion Easley
|
0-0: Ball 1-0: Ground out U3 (Groundball, 34, EV 96.9 MPH)
|
| Top of the 6th over - 0 runs, 0 hits, 0 errors, 0 left on base; Colorado 1 - Seattle 4 |
| BOTTOM OF THE 6TH |
|
Seattle Pilots batting - Pitching for Colorado Rockies : RHP Bill Wegman
|
|
Batting: RHB Dante Bichette
|
0-0: Called Strike 0-1: Ball 1-1: Foul Ball, location: 2F 1-2: Ground out 6-3 (Groundball, 6, EV 86.9 MPH)
|
|
Batting: SHB Mark McLemore
|
0-0: Ball 1-0: Fly out, F8 (Line Drive, 8RD, EV 103.1 MPH)
|
|
Batting: RHB Francisco Cabrera
|
0-0: Ball 1-0: Ball 2-0: Fly out, F8 (Flyball, 8RS, EV 86.9 MPH)
|
| Bottom of the 6th over - 0 runs, 0 hits, 0 errors, 0 left on base; Colorado 1 - Seattle 4 |
| TOP OF THE 7TH |
|
Colorado Rockies batting - Pitching for Seattle Pilots : LHP Chris Haney
|
|
Batting: RHB Glenn Davis
|
0-0: Called Strike 0-1: Called Strike 0-2: Strikes out swinging
|
|
Batting: SHB Dmitri Young
|
0-0: Called Strike 0-1: Ground out 4-3 (Groundball, 4, EV 86.9 MPH)
|
|
Batting: RHB Steve Gibralter
|
0-0: Bunt missed! 0-1: Ball 1-1: Called Strike 1-2: Foul Ball, location: 2F 1-2: Ball 2-2: Foul Ball, location: 2F 2-2: SINGLE (Line Drive, 5D, EV 110.6 MPH)
|
|
Batting: SHB Brian Banks
|
0-0: Ball 1-0: Foul Ball, location: 2F 1-1: Ball 2-1: Fly out, F4 (Popup, 4S, EV 73.8 MPH)
|
| Top of the 7th over - 0 runs, 1 hit, 0 errors, 1 left on base; Colorado 1 - Seattle 4 |
| BOTTOM OF THE 7TH |
|
Seattle Pilots batting - Pitching for Colorado Rockies : RHP Bill Wegman
|
|
Batting: SHB Pat Listach
|
0-0: Foul Ball, location: 2F 0-1: Ball 1-1: Foul Ball, location: 2F 1-2: Ground out 1-3 (Groundball, P, EV 63.8 MPH)
|
|
Batting: SHB Bill R Mueller
|
0-0: Foul Ball, location: 2F 0-1: Called Strike 0-2: Ball 1-2: Ball 2-2: Fly out, F8 (Flyball, 8LM, EV 86.3 MPH)
|
|
Batting: LHB Ken Griffey Jr.
|
0-0: Ball 1-0: Fly out, F4 (Popup, 34S, EV 76.3 MPH)
|
| Bottom of the 7th over - 0 runs, 0 hits, 0 errors, 0 left on base; Colorado 1 - Seattle 4 |
| TOP OF THE 8TH |
|
Colorado Rockies batting - Pitching for Seattle Pilots : LHP Chris Haney
|
|
Batting: LHB Keith Lockhart
|
0-0: Ball 1-0: Called Strike 1-1: Swinging Strike 1-2: Fly out, F4 (Line Drive, 4, EV 71.3 MPH)
|
|
Batting: LHB Chip Hale
|
0-0: Foul Ball, location: 2F 0-1: Fly out, F7 (Flyball, 78D, EV 87.5 MPH)
|
|
Batting: LHB Todd Helton
|
0-0: Called Strike 0-1: SINGLE (Flyball, 89M, EV 100.6 MPH)
|
|
Batting: RHB Juan Gonzalez
|
0-0: 2-RUN HOME RUN (Flyball, 7D, EV 101.3 MPH), Distance : 354 ft
|
|
Batting: RHB Damion Easley
|
0-0: Called Strike 0-1: Ground out 1-3 (Groundball, 34S, EV 79.4 MPH)
|
| Top of the 8th over - 2 runs, 2 hits, 0 errors, 0 left on base; Colorado 3 - Seattle 4 |
| BOTTOM OF THE 8TH |
|
Seattle Pilots batting - Pitching for Colorado Rockies : RHP Bill Wegman
|
|
Batting: RHB Edgar Martinez
|
0-0: Ball 1-0: Ball 2-0: Ground out 4-3 (Groundball, 4M, EV 86.9 MPH)
|
|
Batting: RHB Jermaine Dye
|
0-0: Called Strike 0-1: Ball 1-1: Fly out, F9 (Flyball, 9S, EV 80.6 MPH)
|
|
Batting: LHB J.T. Snow
|
0-0: Ball 1-0: Ball 2-0: Foul Ball, location: 2F 2-1: Foul Ball, location: 2F 2-2: Hit by Pitch
|
|
Batting: RHB Dante Bichette
|
0-0: Ball 1-0: Foul Ball, location: 2F 1-1: SINGLE (Groundball, 6M, EV 108.8 MPH) J.T. Snow to second Runner from 2nd tries for 3rd, SAFE, throw by CF made to third
|
|
Batting: SHB Mark McLemore
|
0-0: Fly out, F7 (Flyball, 7S, EV 87.5 MPH)
|
| Bottom of the 8th over - 0 runs, 1 hit, 0 errors, 2 left on base; Colorado 3 - Seattle 4 |
| TOP OF THE 9TH |
|
Colorado Rockies batting - Pitching for Seattle Pilots : LHP Chris Haney
|
|
Pitching: RHP Darren Holmes
|
|
|
Now at SS: Aaron Ledesma
|
|
|
Now in LF: Scott Bullett
|
|
|
Batting: RHB Glenn Davis
|
0-0: Called Strike 0-1: Ball 1-1: Foul Ball, location: 2F 1-2: Strikes out swinging
|
|
Batting: SHB Dmitri Young
|
0-0: Ball 1-0: SINGLE (Line Drive, 34D, EV 100.6 MPH)
|
|
Batting: RHB Steve Gibralter
|
0-0: Called Strike 0-1: Ball 1-1: Fielders Choice at 2nd, 6-4 (Groundball, 6, EV 89.4 MPH)
|
|
Batting: SHB Brian Banks
|
0-0: Ball 1-0: Swinging Strike 1-1: Swinging Strike 1-2: Ball 2-2: Strikes out swinging
|
| Top of the 9th over - 0 runs, 1 hit, 0 errors, 1 left on base; Colorado 3 - Seattle 4 |
|